 Dungeon Crawl Stone Soup version 0.27.1-1-g398f81649c (webtiles) character file.

Game seed: 16360976878321926561

19021 Rickety the Unseen (level 12, -19/58 HPs)
             Began as a Spriggan Enchanter on Sept 16, 2021.
             Was a Priest of Dithmenos.
             Killed by the air
             ... invoked by Gastronok
              (27 damage)
             ... on level 2 of the Lair of Beasts.
             The game lasted 00:50:38 (19633 turns).

Rickety the Unseen (Spriggan Enchanter)            Turns: 19633, Time: 00:50:39

Health: -19/58     AC: 11    Str: 10    XL:     12   Next: 32%
Magic:  24/26      EV: 22    Int: 17    God:    Dithmenos [***...]
Gold:   928        SH:  5    Dex: 20    Spells: 15/30 levels left

rFire    . . .     SeeInvis +   a - +2 dagger (venom)
rCold    . . .     Faith    .   (shield restricted)
rNeg     . . .     Spirit   .   O - +0 steam dragon scales
rPois    .         Reflect  +   N - +1 hat
rElec    .         Harm     .   c - +0 cloak
rCorr    .         Rampage  .   (gloves unavailable)
Will     ++...                  (boots unavailable)
Stlth    +++++++++.             V - amulet of reflection
HPRegen  0.19/turn              d - +6 ring of strength
MPRegen  0.20/turn              z - +4 ring of protection

@: flying, slowed, wreathed by umbra, quick
A: very small, no large weapons, unfitting armour, see invisible, speed 3
a: Renounce Religion, Shadow Step


You were on level 2 of the Lair of Beasts.
You worshipped Dithmenos.
Dithmenos was most pleased with you.
You visited 3 branches of the dungeon, and saw 15 of its levels.

You collected 928 gold pieces.

Inventory:

Hand Weapons
 a - a +2 dagger of venom (weapon)
 b - a +0 short sword of freezing
 m - a +1 dagger
 t - a +0 dagger of venom
Missiles
 h - 22 poisoned darts (quivered)
 s - 5 boomerangs of dispersal
 A - a throwing net
 S - 7 curare-tipped darts
Armour
 c - a +0 cloak (worn)
 e - a +0 buckler
 N - a +1 hat (worn)
 O - +0 steam dragon scales (worn)
Magical Staves
 q - a staff of earth
 Q - a staff of conjuration
Jewellery
 d - a +6 ring of strength (left hand)
 l - a ring of fire
 u - an amulet of the acrobat
 z - a +4 ring of protection (right hand)
 B - the ring "Ishrahij" {Will+ AC+4}
   (You found it on level 7 of the Dungeon)

   [ring of protection]

   AC:        It affects your AC (+4).
   Will:      It increases your willpower.
 E - a +4 ring of protection
 R - a ring of wizardry
 V - an amulet of reflection (around neck)
Wands
 y - a wand of digging (10)
 U - a wand of polymorph (5)
 X - a wand of flame (30)
Scrolls
 g - 2 scrolls of amnesia {unknown}
 i - a scroll of immolation {unknown}
 j - 5 scrolls of teleportation {unknown}
 n - 10 scrolls of identify {unknown}
 o - a scroll of vulnerability {unknown}
 r - a scroll of torment {unknown}
 x - a scroll of noise {unknown}
 G - 4 scrolls of enchant weapon {unknown}
 H - a scroll of fear {unknown}
 I - a scroll of blinking {unknown}
 K - a scroll of summoning {unknown}
 L - 2 scrolls of acquirement {unknown}
Potions
 f - a potion of degeneration {unknown}
 k - a potion of attraction {unknown}
 p - a potion of mutation {unknown}
 v - a potion of might
 w - a potion of haste {unknown}
 C - 3 potions of curing
 D - a potion of flight
 F - 2 potions of invisibility {unknown}
 J - a potion of ambrosia {unknown}
 M - a potion of berserk rage {unknown}
 P - a potion of lignification {unknown}
 T - a potion of heal wounds {unknown}
Miscellaneous
 W - a tin of tremorstones (2/2)


   Skills:
 * Level 4.3 Fighting
 * Level 6.2 Short Blades
 - Level 3.0 Throwing
 * Level 7.4 Dodging
 * Level 16.0 Stealth
 + Level 3.0 Shields
 * Level 9.7 Spellcasting
 - Level 2.0 Conjurations
 * Level 9.6 Hexes
 - Level 2.0 Summonings
 - Level 2.0 Transmutations
 - Level 2.0 Fire Magic
 - Level 2.6 Ice Magic
 - Level 2.0 Air Magic
 - Level 2.0 Earth Magic
 * Level 3.5 Invocations
 - Level 4.0 Evocations


You had 15 spell levels left.
You knew the following spells:

 Your Spells              Type           Power      Damage    Failure   Level
a - Corona                Hex            45%        N/A       1%          1
b - Ensorcelled Hibernat  Hex/Ice        58%        N/A       1%          2
c - Confusing Touch       Hex            41%        N/A       1%          3
d - Dazzling Flash        Conj/Hex       56%        N/A       2%          3
t - Tukima's Dance        Hex            41%        N/A       1%          3
u - Summon Small Mammal   Summ           60%        N/A       3%          1
w - Passwall              Tmut/Erth      12%        N/A       6%          2

Your spell library contained the following spells:

 Spells                   Type           Power      Damage    Failure   Level
 Magic Dart               Conj           60%        1d6       3%          1
 Sandblast                Erth           30%        2d9       3%          1
 Sting                    Tmut/Pois      44%        1d5       6%          1
 Searing Ray              Conj           30%        3d4       6%          2
 Fulminant Prism          Conj/Hex       14%        3d9       8%          4
 Animate Skeleton         Necr           16%        N/A       9%          1
 Apportation              Tloc           16%        N/A       9%          1
 Ozocubu's Armour         Ice            17%        N/A       9%          3
 Ignite Poison            Fire/Tmut/Pois 12%        N/A       16%         3
 Spider Form              Tmut/Pois      5%         N/A       17%         3
 Yara's Violent Unravell  Hex/Tmut       14%        3d7       22%         5
 Gell's Gravitas          Tloc           4%         N/A       26%         3
 Freezing Cloud           Conj/Ice/Air   7%         6-21      69%         5
 Irradiate                Conj/Tmut      7%         3d15      71%         5
 Lee's Rapid Deconstruct  Erth           7%         3d8*      71%         5
 Manifold Assault         Tloc           8%         N/A       94%         5
 Iron Shot                Conj/Erth      7%         9d2       99%         6
 Shadow Creatures         Summ           N/A        N/A       99%         6
 Dispersal                Tloc           4%         N/A       100%        6


Dungeon Overview and Level Annotations

Branches:
Dungeon (12/15)            Temple (1/1) D:4            Lair (2/6) D:10
    Orc (0/2) D:9
  Swamp: Lair:2-4    Shoals: Lair:2-4     Snake: Lair:2-4    Spider: Lair:2-4

Altars:
Ashenzari
Cheibriados
Dithmenos
Elyvilon
Fedhas
Gozag
Hepliaklqana
Kikubaaqudgha
Makhleb
Nemelex Xobeh
Okawaru
Qazlal
Ru
Sif Muna
Trog
Uskayaw
Vehumet
Wu Jian
Xom
Yredelemnul
Zin
The Shining One

Shops:
D:2 (

Annotations:
D:8 2 transporters, Calibrex's ghost, novice DsFi
D:10 Urug
Lair:2 Gastronok


Innate Abilities, Weirdness & Mutations

You are very small and have problems with some larger weapons.
You are too small for most types of armour.
You have supernaturally acute eyesight. (SInv)
You cover ground extremely quickly. (Speed+++)


Message History

You resist with some effort.
Casting: Ensorcelled Hibernation (safe; 1% risk of failure)
Confirm with . or Enter, or press ? or * to list all spells.
Your hands begin to glow red.
You hit Gastronok but do no damage. You hit Gastronok but do no damage.
You hit Gastronok but do no damage. You hit Gastronok but do no damage.
Gastronok barely misses you.
You hit Gastronok but do no damage. You hit Gastronok but do no damage.
You hit Gastronok but do no damage.
Gastronok looks at you and mumbles some strange words.
You feel yourself slow down.
You hit Gastronok but do no damage. You hit Gastronok but do no damage.
Gastronok's eyestalks quiver as he mumbles some strange words.
You hit Gastronok but do no damage. The bat completely misses you.
The bat barely misses you. The bat misses you.
You hit Gastronok but do no damage. The bat hits you but does no damage.
The bat closely misses you.
Gastronok waves his eye-stalks in wide circles.
The air twists around and strikes you!! You block the bat's attack.
You hit Gastronok but do no damage. You block the bat's attack.
The bat completely misses you. The bat hits you.
Your hands stop glowing.
The bat completely misses you. The bat misses you.
Gastronok waves his eye-stalks in wide circles.
The air twists around and strikes you!!
* * * LOW HITPOINT WARNING * * *
It was a potion of flight.
You feel very buoyant.
You fly up into the air.
The bat misses you. x2
The river rat completely misses you.
Gastronok's eyestalks quiver as he mumbles some strange words.
The bat disappears in a puff of smoke!
The bat completely misses you. The bat misses you. The bat closely misses you.
The bat completely misses you.
Gastronok waves his eye-stalks in wide circles.
The air twists around and strikes you!!
You die...

##...### #...#..##
#.......##
#........##
####.........##
#.............##
###..............##
#P.....<..........#
##......@.........##
#......b..........#
#.......b....§......
#.........r.........
............r.§.....
###.........w.......
##................
#................
#................


You could see Gastronok, a river rat (summoned), 2 bats and a rat (summoned).

Vanquished Creatures
  A hydra (Lair:1)
  4 two-headed ogres
  An ugly thing (D:9)
  A manticore (D:9)
  A black mamba (Lair:1)
  4 cane toads
  2 unseen horrors (D:11)
  2 komodo dragons (Lair:1)
  A kobold demonologist (D:9)
  2 trolls
  A hornet (D:7)
  Prince Ribbit (D:5)
  A meliai zombie (D:11)
  4 dream sheep (Lair:2)
  A spriggan (D:8)
  2 wraiths
  A wyvern (D:9)
  20 yaks
  3 basilisks
  Eustachio (D:6)
  4 steam dragons
  3 vampire mosquitoes (D:11)
  2 acid dragons
  5 orc warriors
  5 water moccasins
  An ice beast (D:5)
  2 ogres (D:6)
  6 wolves
  5 centaurs
  3 phantoms
  2 kobold brigands
  A gnoll sergeant (D:8)
  5 bullfrogs
  4 scorpions
  A wyvern zombie (D:8)
  4 killer bees (D:9)
  3 wights
  3 howler monkeys
  4 jellies
  A bullfrog zombie (D:5)
  3 hounds
  5 centaur zombies
  3 orc priests
  3 iguanas
  4 centaur skeletons
  10 orc wizards
  Natasha (thrice) (D:2)
  2 killer bee zombies
  A hound skeleton (D:4)
  2 howler monkey zombies
  A howler monkey skeleton (D:4)
  5 adders
  A shadow imp (D:6)
  2 white imps
  3 ufetubi
  2 adder skeletons (D:4)
  4 worms
  A dart slug (D:2)
  30 orcs
  9 ball pythons
  6 endoplasms
  A giant cockroach (D:4)
  9 goblins
  8 hobgoblins
  6 jackals (D:1)
  4 quokkas
  2 bats (D:1)
  4 frilled lizards
  11 kobolds
  3 rats
  A spectral kobold (D:11)
267 creatures vanquished.

Vanquished Creatures (collateral kills)
  A centaur warrior (D:9)
  An orc warrior (D:10)
  A centaur (D:9)
  6 wights
  An orc priest (D:9)
  An orc wizard (D:6)
  4 gnolls
  A shadow imp (D:6)
  6 orcs
  A bat (D:3)
  A butterfly (D:10)
24 creatures vanquished.

Vanquished Creatures (others)
  8 dancing weapons
  5 fungi (Lair:1)
  14 plants
27 creatures vanquished.

Grand Total: 318 creatures vanquished

Notes
Turn   | Place    | Note
-------+----------+-------------------------------------------
     0 | D:1      | Rickety the Spriggan Enchanter began the quest for the Orb.
     0 | D:1      | Reached XP level 1. HP: 9/9 MP: 5/5
   331 | D:1      | Got the Catalogue of Snow and Poison
   376 | D:1      | Reached XP level 2. HP: 13/13 MP: 4/7
   392 | D:1      | Learned a level 2 spell: Ensorcelled Hibernation
   469 | D:1      | Found a faded altar of an unknown god.
  1451 | D:2      | Reached XP level 3. HP: 16/16 MP: 8/8
  1493 | D:2      | Found Missoty's Antique Weapon Shoppe.
  1513 | D:2      | Noticed Natasha
  2017 | D:2      | Reached skill level 5 in Stealth
  2379 | D:2      | Killed Natasha
  2380 | D:2      | Reached XP level 4. HP: 21/21 MP: 2/10
  2398 | D:2      | Learned a level 3 spell: Confusing Touch
  2402 | D:2      | Learned a level 3 spell: Tukima's Dance
  2635 | D:2      | Noticed Natasha
  2639 | D:2      | Killed Natasha
  2640 | D:2      | Reached skill level 6 in Stealth
  2657 | D:2      | Noticed Natasha
  2662 | D:2      | Killed Natasha
  2686 | D:3      | Reached XP level 5. HP: 24/24 MP: 11/11
  2893 | D:3      | Reached skill level 7 in Stealth
  3071 | D:3      | Got the Disquisition on Frigorific Transformation
  3513 | D:3      | Found a broken altar of Ashenzari.
  3628 | D:3      | Reached skill level 8 in Stealth
  3779 | D:3      | Reached XP level 6. HP: 28/28 MP: 7/12
  4352 | D:4      | Reached skill level 9 in Stealth
  5148 | D:4      | Found a staircase to the Ecumenical Temple.
  5165 | Temple   | Entered the Ecumenical Temple
  5771 | D:5      | Entered Level 5 of the Dungeon
  5882 | D:5      | Learned a level 3 spell: Dazzling Flash
  5891 | D:5      | Noticed an ice beast
  6151 | D:5      | Reached XP level 7. HP: 24/32 MP: 6/14
  6290 | D:5      | Reached skill level 5 in Hexes
  6295 | D:5      | Reached skill level 1 in Fighting
  6547 | D:5      | Reached skill level 10 in Stealth
  6547 | D:5      | Reached skill level 1 in Ice Magic
  6751 | D:5      | Found a snail-covered altar of Cheibriados.
  6803 | D:5      | Found a glowing silver altar of Zin.
  6803 | D:5      | Found a basalt altar of Yredelemnul.
  6856 | D:5      | Noticed Prince Ribbit
  6858 | D:5      | Killed Prince Ribbit
  6859 | D:5      | Reached skill level 5 in Spellcasting
  6859 | D:5      | Reached XP level 8. HP: 37/37 MP: 16/16
  6885 | D:5      | Reached skill level 1 in Throwing
  6885 | D:5      | Reached skill level 1 in Evocations
  7365 | D:6      | Reached skill level 1 in Earth Magic
  7385 | D:6      | Reached skill level 1 in Shields
  7656 | D:6      | Reached skill level 1 in Conjurations
  7999 | D:6      | Noticed Eustachio
  8002 | D:6      | Killed Eustachio
  8254 | D:6      | Reached XP level 9. HP: 42/42 MP: 18/18
  8313 | D:6      | Reached skill level 5 in Dodging
  8313 | D:6      | Reached skill level 11 in Stealth
  9148 | D:7      | Noticed a troll
  9239 | D:7      | Found a shadowy altar of Dithmenos.
  9247 | D:7      | Found a stormy altar of Qazlal.
  9266 | D:7      | Became a worshipper of Dithmenos the Shadowed
  9362 | D:7      | Learned a level 2 spell: Passwall
  9777 | D:7      | Killed a troll
 10099 | D:7      | Identified the ring "Ishrahij" {Will+ AC+4}
 10645 | D:8      | Found a sparkling altar of Nemelex Xobeh.
 11200 | D:8      | Reached * piety under Dithmenos
 11526 | D:8      | Found a transporter.
 11550 | D:8      | Noticed a moth of wrath
 11570 | D:8      | Reached XP level 10. HP: 47/47 MP: 11/21
 11577 | D:8      | Noticed Calibrex's ghost (novice DsFi)
 11772 | D:8      | Found a transporter.
 11856 | D:8      | Reached skill level 5 in Short Blades
 11856 | D:8      | Reached skill level 12 in Stealth
 12040 | D:9      | Found a radiant altar of Vehumet.
 12054 | D:9      | Reached skill level 1 in Invocations
 12234 | D:9      | Noticed a two-headed ogre
 12237 | D:9      | Killed a two-headed ogre
 12241 | D:9      | Noticed a manticore
 12244 | D:9      | Killed a manticore
 12253 | D:9      | Noticed a centaur warrior
 12273 | D:9      | Killed a centaur warrior
 12274 | D:9      | Reached skill level 13 in Stealth
 12585 | D:9      | Noticed a red ugly thing
 13018 | D:9      | Found a staircase to the Orcish Mines.
 13700 | D:9      | Reached skill level 14 in Stealth
 13882 | D:9      | Noticed a two-headed ogre
 13892 | D:9      | Reached skill level 1 in Air Magic
 13906 | D:9      | Killed a two-headed ogre
 13907 | D:9      | Reached skill level 1 in Transmutations
 13907 | D:9      | Reached XP level 11. HP: 52/52 MP: 17/24
 14013 | D:9      | Killed a red ugly thing
 14156 | D:10     | Entered Level 10 of the Dungeon
 14202 | D:9      | Reached ** piety under Dithmenos
 14278 | D:10     | Found a burning altar of Makhleb.
 14309 | D:10     | Found a staircase to the Lair.
 14480 | D:10     | Found a shimmering altar of Xom.
 14738 | D:10     | Got the Grimoire of Dislocated Earth
 14746 | D:10     | Noticed Urug
 15255 | D:10     | Found a white marble altar of Elyvilon.
 15559 | D:10     | Learned a level 1 spell: Summon Small Mammal
 15695 | D:11     | Noticed a two-headed ogre
 16033 | D:11     | Noticed a two-headed ogre
 16044 | D:11     | Killed a two-headed ogre
 16045 | D:11     | Reached skill level 1 in Fire Magic
 16482 | D:11     | Reached skill level 15 in Stealth
 16536 | D:11     | Found a hazy altar of Hepliaklqana.
 16736 | D:11     | Killed a two-headed ogre
 17202 | D:12     | Reached skill level 1 in Summonings
 17236 | D:12     | Noticed a two-headed ogre
 17652 | Lair:1   | Entered Level 1 of the Lair of Beasts
 17701 | Lair:1   | Reached *** piety under Dithmenos
 17779 | Lair:1   | You fall into a shaft and drop 1 floor!
 17952 | Lair:2   | Reached XP level 12. HP: 58/58 MP: 26/26
 18909 | Lair:1   | Noticed a four-headed hydra
 18923 | Lair:1   | Killed a four-headed hydra
 18976 | Lair:1   | Reached skill level 16 in Stealth
 19609 | Lair:2   | Noticed Gastronok
 19633 | Lair:2   | Killed from afar by Gastronok

Illustrated notes

Levels and vault maps discovered:
D:1:      minmay_arrival_nine_rooms, layout_basic,
          shapermc_ecumenical_altar_ellora
D:2:      layout_loops_corners, serial_shops, shop, uniq_natasha
D:3:      layout_loops_ring, mainiacjoe_overflow_24_doors, grunt_ministairs_3,
          minmay_between
D:4:      layout_gridville, temple_statues, grunt_ministairs_14
D:5:      minmay_evil_eye, layout_basic, general_overflow_altar,
          gammafunk_temple_overflow_statue, uniq_prince_ribbit1
D:6:      layout_cave_pods, portal_sewer_entry_d, uniq_eustachio
D:7:      layout_gridville, mainiacjoe_overflow_catwalk_spiral,
          minmay_checkerbox
D:8:      layout_cave_pools, kennysheep_little_box,
          gammafunk_ghost_berserking_beasts, the_hattery
D:9:      wad_statue_garden, layout_irregular_city, vehumet_crystals
D:10:     layout_basic, bloody_makhleb, nicolae_elyvilon_temple_path,
          xom_butterflies, lair_entry_dummy, patterned_corridor, uniq_urug
D:11:     layout_roguey, nicolae_hepliaklqana_monster_ancestors
D:12:     layout_roguey, portal_ice_cave_entry_imps, kennysheep_path_1,
          minmay_fractal_squares_5
Temple:   minmay_temple_curvy_loop
Lair:1:   layout_regular_city
Lair:2:   layout_cave_pods, uniq_gastronok

Skill      XL: |  1  2  3  4  5  6  7  8  9 10 11 12 |
---------------+-------------------------------------+-----
Spellcasting   | 3 4 5 7 8 9 |  9.7
Hexes          | 4 5 7 8 9 |  9.6
Dodging        | 3 4 5 6 7 |  7.4
Stealth        | 5 6 8 9 10 11 14 15 16 | 16.0
Short Blades   | 2 3 4 5 6 |  6.2
Fighting       | 1 2 3 4 |  4.3
Ice Magic      | 1 2 |  2.6
Throwing       | 2 3 |  3.0
Evocations     | 2 4 |  4.0
Earth Magic    | 1 2 |  2.0
Shields        | 1 2 3 |  3.0
Conjurations   | 1 2 |  2.0
Invocations    | 2 3 |  3.5
Air Magic      | 1 2 |  2.0
Transmutations | 1 2 |  2.0
Fire Magic     | 1 2 |  2.0
Summonings     | 1 2 |  2.0

Action                   |  1- 3 |  4- 6 |  7- 9 | 10-12 || total
-------------------------+-------+-------+-------+-------++-------
Melee: Dagger            |   111 |   183 |   264 |   415 ||   973
Throw: Dart              |       |     5 |     2 |       ||     7
 Cast: Corona            |     9 |       |       |       ||     9
       Ensorcelled Hiber |    17 |    17 |    33 |    61 ||   128
       Confusing Touch   |       |    13 |    22 |    33 ||    68
       Tukima's Dance    |       |     4 |    22 |    32 ||    58
       Dazzling Flash    |       |       |     3 |     9 ||    12
       Summon Small Mamm |       |       |       |     2 ||     2
Evoke: Wand              |       |       |       |     1 ||     1
  Use: Potion            |       |       |     4 |     2 ||     6
 Stab: Sleeping          |    16 |    27 |    28 |    50 ||   121
       Distracted        |       |     2 |     2 |     2 ||     6
       Confused          |       |     7 |    15 |    23 ||    45
       Invisible         |       |       |     2 |     3 ||     5
Armor: Robe              |     9 |    21 |    31 |     4 ||    65
       Steam dragon scal |       |       |       |    49 ||    49
Dodge: Dodged            |    82 |   124 |   251 |   330 ||   787
Block: Other             |       |       |       |    54 ||    54
